 Dungeon Crawl Stone Soup version 0.21-a0-509-gecc5317 (webtiles) character file.

882 hairmachine the Conjurer (level 7, 0/57 HPs)
             Began as a Demigod Conjurer on Nov 29, 2017.
             Shot with an arrow by a centaur (7 damage)
             ... on level 5 of the Dungeon.
             The game lasted 00:21:32 (6380 turns).

hairmachine the Conjurer (Demigod Conjurer)         Turns: 6380, Time: 00:21:33

Health: 0/57       AC:  2    Str: 10 (11) XL:     7   Next: 47%
Magic:  6/15       EV: 12    Int: 22 (23) God:
Gold:   161        SH:  0    Dex: 14 (16) Spells: 2/12 levels left

rFire    . . .     SeeInvis .   r - +0 trident
rCold    . . .     Gourm    .   (no shield)
rNeg     . . .     Faith    .   a - +0 robe
rPois    .         Spirit   .   (no helmet)
rElec    .         Reflect  .   (no cloak)
rCorr    .         Harm     .   (no gloves)
MR       .....                  (no boots)
Stlth    ++........             (no amulet)
HPRegen  0.19/turn              (no ring)
MPRegen  0.14/turn              (no ring)

@: no status effects
A: high mp 1
a: no special abilities


You were on level 5 of the Dungeon.
You were not hungry.

You visited 1 branch of the dungeon, and saw 5 of its levels.

You collected 161 gold pieces.

Inventory:

Hand Weapons
 r - a +0 trident (weapon)
Missiles
 g - 168 stones (quivered)
Armour
 a - a +0 robe (worn)
Wands
 v - a wand of random effects (19)
Scrolls
 e - 9 scrolls of identify {unknown}
 h - 3 scrolls of enchant armour {unknown}
 l - 2 scrolls of fog {unknown}
 m - 4 scrolls of teleportation
 p - 2 scrolls of amnesia {unknown}
 t - a scroll of blinking {unknown}
 u - a scroll of immolation {unknown}
 w - 3 scrolls of remove curse {unknown}
Potions
 d - a potion of degeneration
 i - a potion of might {unknown}
 k - a potion of haste {unknown}
 n - 3 potions of curing {unknown}
 o - 2 potions of lignification {unknown}
 q - 4 potions of heal wounds {unknown}
 s - 3 potions of magic {unknown}
 x - a potion of agility {unknown}
Books
 b - a book of Conjurations

   Spells                             Type                      Level
   a - Magic Dart                     Conjuration                  1
   b - Searing Ray                    Conjuration                  2
   c - Dazzling Spray                 Conjuration/Hexes            3
   d - Fulminant Prism                Conjuration/Hexes            4
   e - Force Lance                    Conjuration/Translocation    4
   f - Iskenderun's Mystic Blast      Conjuration                  4
 y - a book of Minor Magic

   Spells                             Type                      Level
   a - Magic Dart                     Conjuration                  1
   b - Blink                          Translocation                2
   c - Call Imp                       Summoning                    2
   d - Slow                           Hexes                        2
   e - Conjure Flame                  Conjuration/Fire             3
   f - Mephitic Cloud                 Conjuration/Poison/Air       3
Comestibles
 c - 4 bread rations
 f - 2 royal jellies
 j - 6 meat rations


   Skills:
 + Level 3.1 Fighting
 - Level 1.8 Dodging
 - Level 1.8 Stealth
 + Level 3.4 Spellcasting
 + Level 7.5 Conjurations


You had 2 spell levels left.
You knew the following spells:

 Your Spells              Type           Power        Failure   Level  Hunger
a - Magic Dart            Conj           ####         1%          1    None
b - Searing Ray           Conj           #####.       1%          2    ##.....
c - Dazzling Spray        Conj/Hex       ###...       8%          3    ###....
d - Iskenderun's Mystic   Conj           #####...     5%          4    ####...


Dungeon Overview and Level Annotations

Branches:
Dungeon (5/15)
 Temple: D:4-7

Shops:
D:3 *

Annotations:
D:1 exclusion: downstairs
D:3 exclusion: downstairs


Innate Abilities, Weirdness & Mutations

You have an increased reservoir of magic. (+10% MP)


Message History

Confirm with . or Enter, or press ? or * to list all spells.
Okay, then.
Casting: Searing Ray
Confirm with . or Enter, or press ? or * to list all spells.
Aiming: Dazzling Spray
Press: ? - help, Shift-Dir - straight line, f/p - centaur
Aim: a centaur, wielding a shortbow (moderately wounded)
The spray of energy hits the centaur.
The centaur is heavily wounded.
The centaur is dazzled.
The centaur shoots an arrow.
The arrow barely misses you.
Casting: Dazzling Spray
Confirm with . or Enter, or press ? or * to list all spells.
Aiming: Dazzling Spray
Press: ? - help, Shift-Dir - straight line, f/p - centaur
Aim: a centaur, wielding a shortbow (heavily wounded, blind)
The spray of energy hits the centaur.
The centaur is severely wounded.
The centaur is dazzled.
The centaur shoots an arrow.
The arrow hits you!
You die...

#..#####..##
##...##..#
.### ....#
#..#
#....#..# #
>..## #.##
##...#..# .
#... ..#
#......#
##.. ..#
##c(...#
#..#
##(.##...#
##..## ##..#
##.### ..
##@## ##.##
##.## #.##
###


You could see a centaur (blind).

Vanquished Creatures
  Duvessa (D:5)
  Blork the orc (D:5)
  Dowan (D:5)
  A scorpion (D:4)
  2 howler monkeys
  A crimson imp (D:5)
  2 hounds
  An orc priest (D:5)
  A jelly (D:5)
  An orc wizard (D:5)
  Jessica (D:3)
  3 worker ants
  Ijyb (D:5)
  Terence (D:3)
  2 hound zombies
  3 gnolls (D:2)
  4 adders
  An ooze (D:2)
  An adder zombie (D:4)
  An adder skeleton (D:4)
  2 worms
  3 dart slugs
  4 leopard geckos
  4 orcs
  2 ball pythons
  5 bats
  12 giant cockroaches
  10 goblins
  4 hobgoblins
  15 jackals
  5 kobolds
  3 frilled lizards
  5 rats
104 creatures vanquished.

Vanquished Creatures (others)
  4 toadstools (D:1)
4 creatures vanquished.

Grand Total: 108 creatures vanquished

Notes
Turn   | Place    | Note
-------+----------+-------------------------------------------
     0 | D:1      | hairmachine the Demigod Conjurer began the quest for the Orb.
     0 | D:1      | Reached XP level 1. HP: 14/14 MP: 5/5
   252 | D:1      | Reached skill level 4 in Conjurations
   309 | D:1      | Reached XP level 2. HP: 20/20 MP: 5/7
   411 | D:1      | Learned a level 2 spell: Searing Ray
   617 | D:1      | You fall through a shaft!
   958 | D:1      | Reached XP level 3. HP: 26/26 MP: 4/8
  1761 | D:2      | Reached skill level 5 in Conjurations
  1850 | D:2      | Reached XP level 4. HP: 33/33 MP: 0/9
  2391 | D:2      | Learned a level 3 spell: Dazzling Spray
  2717 | D:3      | Found Gozag's Platinum Reserve.
  2719 | D:3      | Found a sacrificial altar of Ru.
  2763 | D:3      | Found an opulent altar of Gozag.
  2763 | D:3      | Noticed Jessica
  2982 | D:3      | Noticed Terence
  3208 | D:3      | Killed Jessica
  3289 | D:3      | Killed Terence
  3289 | D:3      | Reached skill level 6 in Conjurations
  3289 | D:3      | Reached XP level 5. HP: 38/38 MP: 5/10
  3508 | D:3      | Found a blossoming altar of Fedhas.
  3508 | D:3      | Found an ornate altar of the Wu Jian Council.
  4107 | D:4      | Reached skill level 1 in Fighting
  4107 | D:4      | Reached XP level 6. HP: 40/47 MP: 1/12
  4622 | D:4      | Found a burning altar of Makhleb.
  4752 | D:4      | Found a stormy altar of Qazlal.
  4858 | D:5      | Entered Level 5 of the Dungeon
  4874 | D:5      | Reached skill level 7 in Conjurations
  4965 | D:5      | Noticed Dowan
  5011 | D:5      | Noticed Ijyb
  5021 | D:5      | Killed Ijyb
  5467 | D:5      | Learned a level 4 spell: Iskenderun's Mystic Blast
  5514 | D:5      | Noticed Blork the orc
  5523 | D:5      | Killed Blork the orc
  5523 | D:5      | Reached XP level 7. HP: 40/56 MP: 9/14
  6090 | D:5      | Noticed Duvessa
  6108 | D:5      | Killed Duvessa
  6181 | D:5      | Killed Dowan
  6380 | D:5      | Shot with an arrow by a centaur

Vault maps used:
D:1:      ldierk_walled_garden_2
D:3:      nicolae_ru_sacrificial_ziggurat, nicolae_gozag_zags_fifth_avenue,
          nicolae_overflow_hidden_temple, uniq_terence, uniq_jessica
D:4:      lemuel_round_altar, makhleb_heckhound_becter, serial_undead,
          serial_undead_e, serial_undead_e, serial_undead_d, serial_undead_c
D:5:      nicolae_temple_entry_ecumenical, first_bread, minmay_crystal_water,
          uniq_duvessa, uniq_ijyb, uniq_blork_the_orc

Skill      XL: |  1  2  3  4  5  6  7 |
---------------+----------------------+-----
Conjurations   | 4 5 6 7 |  7.5
Spellcasting   | 2 3 |  3.4
Fighting       | 1 2 3 |  3.1
Dodging        | |  1.8
Stealth        | |  1.8

Action                   |  1- 3 |  4- 6 |  7- 9 || total
-------------------------+-------+-------+-------++-------
Melee: Dagger            |    13 |     2 |       ||    15
       Trident           |       |     4 |     2 ||     6
 Cast: Magic Dart        |    75 |    90 |    16 ||   181
       Searing Ray       |     5 |    18 |     7 ||    30
       Dazzling Spray    |       |       |     2 ||     2
  Use: Scroll            |       |     1 |     1 ||     2
       Potion            |       |       |     1 ||     1
 Stab: Sleeping          |     3 |     1 |       ||     4
  Eat: Chunk             |     4 |    10 |     4 ||    18
       Royal jelly       |       |     1 |       ||     1
Armor: Robe              |     5 |     4 |       ||     9
Dodge: Dodged            |    20 |    34 |    15 ||    69

Table legend:
 A = Spawn XP
 B = Non-spawn XP
 C = Spawn XP percentage of total XP
 D = Spawn monster count
 E = Non-spawn monster count
 F = Spawn count percentage of total count
 G = Total turns spent on level
                    A         B        C        D         E        F      G
               +---------+---------+-------+---------+---------+-------+---------
         Total |       0 |    1261 |   0.0 |       0 |     104 |   0.0 |  6380
               +---------+---------+-------+---------+---------+-------+---------
           D:1 |       0 |      61 |   0.0 |       0 |      29 |   0.0 |  1441
           D:2 |       0 |      83 |   0.0 |       0 |      22 |   0.0 |  1224
           D:3 |       0 |     172 |   0.0 |       0 |      19 |   0.0 |  1186
           D:4 |       0 |     300 |   0.0 |       0 |      18 |   0.0 |  1007
           D:5 |       0 |     645 |   0.0 |       0 |      16 |   0.0 |  1522
               +---------+---------+-------+---------+---------+-------+---------
